 Dungeon Crawl Stone Soup version 0.19.4-9-g45fd643 (webtiles) character file.

1215 Rrauwl the Basher (level 8, -8/48 HPs)
             Began as a Gargoyle Fighter on Feb 19, 2017.
             Was a Priest of Qazlal.
             Killed by divine providence
             ... invoked by an orc priest
              (18 damage)
             ... on level 4 of the Dungeon.
             The game lasted 00:21:58 (4344 turns).

Rrauwl the Basher (Gargoyle Fighter)                Turns: 4344, Time: 00:21:58

Health: -8/48      AC: 14    Str: 21    XL:     8   Next: 46%
Magic:  9/9        EV:  9    Int:  9    God:    Qazlal [***...]
Gold:   227        SH: 13    Dex: 10    Spells: 0 memorised, 7 levels left

rFire  + . .     SeeInvis .     a - +0 flail
rCold  . . .     Gourm    .     j - +1 ring mail {rF+}
rNeg   + . .     Faith    .     c - +0 shield
rPois  ∞         Spirit   .     p - +0 helmet
rElec  +         Reflect  .     (no cloak)
rCorr  .         Harm     +     (no gloves)
MR     .....                    g - +0 pair of boots
Stlth  ..........               n - amulet of harm
                                (no ring)
                                (no ring)

@: no status effects
A: negative energy resistance 1, electricity resistance, unbreathing,
petrification resistance, rot immunity, AC +5
a: Upheaval, Elemental Force, Renounce Religion


You were on level 4 of the Dungeon.
You worshipped Qazlal.
Qazlal was most pleased with you.
You were not hungry.

You visited 1 branch of the dungeon, and saw 4 of its levels.

You collected 227 gold pieces.

Inventory:

Hand Weapons
 a - a +0 flail (weapon)
Armour
 c - a +0 shield (worn)
 g - a +0 pair of boots (worn)
 j - a +1 ring mail of fire resistance (worn)
 p - a +0 helmet (worn)
Jewellery
 n - an amulet of harm (around neck)
Scrolls
 m - 7 scrolls of identify
Potions
 b - a potion of lignification
 e - a potion of brilliance
 o - 2 potions of magic {unknown}
Comestibles
 d - 3 chunks of flesh
 f - 3 bread rations
 i - 4 meat rations


   Skills:
 + Level 4.3 Fighting
 + Level 8.4 Maces & Flails
 + Level 4.4 Armour
 + Level 1.7 Dodging
 + Level 4.1 Shields
 + Level 2.1 Invocations


You had 7 spell levels left.
You didn't know any spells.

Dungeon Overview and Level Annotations

Branches:
Dungeon (4/15)             Temple (0/1) D:4

Altars:
Qazlal


Innate Abilities, Weirdness & Mutations

You are resistant to torment.
Your stone body is resilient. (AC +5)
You are immune to poison.
You resist negative energy. (rN+)
You are resistant to electric shocks. (rElec)
You can survive without breathing.
You are immune to petrification.
You are immune to rotting.


Message History

An orc wizard comes into view.
It is wielding a dagger of electrocution.
You sock the orc priest!
You kill the orc priest!
Qazlal accepts your kill.
Your Invocations skill increases to level 2!
You hear a shout!
The orc wizard moves out of view.
An orc and an orc priest come into view.
The orc priest mumbles some strange prayers to Beogh against you.
Pain shoots through your body!
The orc priest invokes the aid of Beogh against you.
Pain shoots through your body!
There are monsters nearby!
The orc priest casts a cantrip, but nothing happens.
The orc priest calls down the wrath of Beogh upon you.
Beogh smites you!
* * * LOW HITPOINT WARNING * * *
The orc priest mumbles some strange prayers to Beogh against you.
Beogh smites you!
You die...

######## #....... ###
#....P.. #@## ###
#....≈≈≈ ##.###.#
#....≈≈≈ #.##.##
#....≈≈# #oo.##
#....≈≈# ##..#
#...P≈≈# ###o.##
#....≈≈# .####.....##
#....≈≈≈
.....o.....####.P..≈≈≈
............#.#....≈≈≈


You could see 2 orc priests and an orc.

Vanquished Creatures
  Grinder (D:3)
  Sigmund (D:3)
  A gnoll sergeant (D:4)
  A hound (D:4)
  4 gnoll shamans (D:4)
  An orc priest (D:4)
  An iguana (D:4)
  A worker ant (D:4)
  Robin (D:3)
  32 gnolls
  A howler monkey skeleton (D:4)
  12 adders
  An ooze (D:2)
  2 worms
  2 dart slugs
  2 leopard geckos
  13 orcs
  3 ball pythons
  6 bats
  3 giant cockroaches
  15 goblins
  9 hobgoblins
  13 jackals (D:4)
  A quokka (D:4)
  2 frilled lizards (D:4)
  11 kobolds
  8 rats
148 creatures vanquished.

Notes
Turn   | Place    | Note
-------+----------+-------------------------------------------
     0 | D:1      | Rrauwl the Gargoyle Fighter began the quest for the Orb.
     0 | D:1      | Reached XP level 1. HP: 14/14 MP: 1/1
   325 | D:1      | Reached XP level 2. HP: 19/19 MP: 2/2
   536 | D:1      | Reached skill level 3 in Maces & Flails
   618 | D:1      | Reached XP level 3. HP: 19/23 MP: 3/3
   962 | D:2      | Found a stormy altar of Qazlal.
   969 | D:2      | Became a worshipper of Qazlal Stormbringer
  1141 | D:2      | Reached skill level 4 in Maces & Flails
  1145 | D:2      | Reached XP level 4. HP: 18/28 MP: 4/4
  1693 | D:3      | Noticed Grinder
  1711 | D:3      | Paralysed by Grinder for 2 turns
  1723 | D:3      | Paralysed by Grinder for 2 turns
  1726 | D:3      | Killed Grinder
  1726 | D:3      | Reached skill level 6 in Maces & Flails
  1726 | D:3      | Reached XP level 5. HP: 18/32 MP: 5/5
  1726 | D:3      | Reached XP level 6. HP: 21/37 MP: 6/6
  1745 | D:3      | Noticed Sigmund
  1775 | D:3      | Killed Sigmund
  1775 | D:3      | Reached skill level 7 in Maces & Flails
  1775 | D:3      | Reached XP level 7. HP: 10/41 MP: 7/7
  2049 | D:3      | Reached * piety under Qazlal
  2100 | D:3      | Noticed Robin
  2134 | D:3      | Killed Robin
  2549 | D:3      | Reached ** piety under Qazlal
  3037 | D:4      | Reached skill level 8 in Maces & Flails
  3370 | D:4      | Found a staircase to the Ecumenical Temple.
  3554 | D:4      | Reached skill level 1 in Invocations
  3557 | D:4      | HP: 2/41 [gnoll/spear (4)]
  3636 | D:4      | Reached XP level 8. HP: 21/47 MP: 8/8
  3711 | D:4      | Reached skill level 1 in Dodging
  3960 | D:4      | Reached *** piety under Qazlal
  4344 | D:4      | Killed from afar by an orc priest

Skill      XL: |  1  2  3  4  5  6  7  8 |
---------------+-------------------------+-----
Maces & Flails | 3 4 6 7 8 |  8.4
Invocations    | 1 2 |  2.1
Armour         | 4 |  4.4
Dodging        | 1 |  1.7
Shields        | 4 |  4.1
Fighting       | 4 |  4.3

Action                   |  1- 3 |  4- 6 |  7- 9 || total
-------------------------+-------+-------+-------++-------
Melee: Flail             |   100 |    69 |   399 ||   568
Invok: Upheaval          |       |       |     2 ||     2
  Use: Potion            |       |     2 |     8 ||    10
       Scroll            |       |       |     6 ||     6
  Eat: Beef jerky        |     1 |       |       ||     1
       Royal jelly       |       |     1 |       ||     1
       Chunk             |       |       |     4 ||     4
       Bread ration      |       |       |     1 ||     1
Armor: Scale mail        |    11 |       |       ||    11
       Ring mail         |    34 |    32 |   151 ||   217
Dodge: Dodged            |    28 |    10 |   126 ||   164
Block: Shield            |    69 |    14 |   276 ||   359
